 Dungeon Crawl Stone Soup version 0.17.0-15-g6d90897 (webtiles) character file.

1687763 MDvedh the Slayer (level 27, 241/241 HPs)
             Began as a Minotaur Enchanter on Nov 10, 2015.
             Was a High Priest of Okawaru.
             Escaped with the Orb
             ... and 3 runes!
             The game lasted 03:08:29 (71530 turns).

MDvedh the Slayer (Minotaur Enchanter)             Turns: 71530, Time: 03:08:29

Health: 241/241    AC: 43    Str: 24    XL:     27
Magic:  33/33      EV: 28    Int: 12    God:    Okawaru [*****.]
Gold:   3374       SH: 27    Dex: 20    Spells: 0 memorised, 28 levels left

rFire  + + +     SeeInvis +     Z - +9 demon whip (flame)
rCold  + + .     Clarity  .     K - +7 plate armour "Fostuty" {rPois Regen+ Str+3 Dex-4}
rNeg   + + .     SustAt   .     L - +0 large shield of Limitation {rElec MR+}
rPois  +         Gourm    .     F - +2 hat of the Turtle {+Inv rElec rN+}
rElec  +         Spirit   .     v - +0 cloak of Dureneele {MR+ rCorr Dex+3}
rCorr  +         Warding  +     h - +2 pair of gloves of Cowardice {rF+ Dex+5 SInv}
rMut   .         Stasis   .     q - +2 pair of boots {Fly}
MR     ++++.                    c - brooch of Shielding {Ward rN+ AC+4 EV+4}
Stlth  ..........               S - ring "Rithicho" {rPois rF++ rC+ MP+9}
                                W - ring of protection from cold

@: very slightly contaminated, incredibly resistant to hostile enchantments,
extremely unstealthy
A: retaliatory headbutt, horns 2, frail 1, low mp 1
a: Heroism, Finesse, Renounce Religion, Evoke Invisibility, Evoke Flight
0: Orb of Zot
}: 3/15 runes: barnacled, silver, gossamer


You escaped.
You worshipped Okawaru.
Okawaru was extremely pleased with you.
You were not hungry.

You visited 9 branches of the dungeon, and saw 53 of its levels.
You visited the Abyss 2 times.
You visited 2 bazaars.
You also visited: Labyrinth, Volcano and Wizlab.

You collected 8365 gold pieces.
You spent 4991 gold pieces at shops.

Inventory:

Hand Weapons
 X - the +5 demon whip "Spellbinder" {antimagic, MR+}
   (You bought it in a shop on level 4 of the Orcish Mines)

   It disrupts the flow of magical energy around spellcasters and certain
   magical creatures (including the wielder).
   It affects your resistance to hostile enchantments.
 Z - a +9 demon whip of flaming (weapon)
Armour
 h - the +2 pair of gloves of Cowardice (worn) {rF+ Dex+5 SInv}
   (You acquired it on level 1 of the Elven Halls)

   It affects your dexterity (+5).
   It protects you from fire.
   It lets you see invisible.
 q - a +2 pair of boots of flying (worn)
 v - the +0 cloak of Dureneele (worn) {MR+ rCorr Dex+3}
   (Okawaru gifted it to you on level 5 of the Vaults)

   It affects your dexterity (+3).
   It affects your resistance to hostile enchantments.
   It protects you from acid and corrosion.
 F - the +2 hat of the Turtle (worn) {+Inv rElec rN+}
   (Okawaru gifted it to you on level 8 of the Lair of Beasts)

   It insulates you from electricity.
   It protects you from negative energy.
   It lets you turn invisible.
 K - the +7 plate armour "Fostuty" (worn) {rPois Regen+ Str+3 Dex-4}
   (You took it off a deep elf priest on level 3 of the Elven Halls)

   It affects your strength (+3).
   It affects your dexterity (-4).
   It protects you from poison.
   It increases your rate of regeneration.
 L - the +0 large shield of Limitation (worn) {rElec MR+}
   (You bought it in a shop in a bazaar)

   It insulates you from electricity.
   It affects your resistance to hostile enchantments.
Jewellery
 c - the brooch of Shielding (around neck) {Ward rN+ AC+4 EV+4}
   (You found it on level 2 of the Depths)

   [amulet of warding]

   It may prevent the melee attacks of summoned creatures.
   It affects your AC (+4).
   It affects your evasion (+4).
   It protects you from negative energy.
 S - the ring "Rithicho" (right hand) {rPois rF++ rC+ MP+9}
   (You took it off an ironheart preserver on level 5 of the Vaults)

   [ring of poison resistance]

   It greatly protects you from fire.
   It protects you from cold.
   It protects you from poison.
   It affects your magic capacity (+9).
 W - a ring of protection from cold (left hand)
Wands
 j - a wand of digging (16)
 l - a wand of hasting (5)
 p - a wand of teleportation (3)
 u - a wand of teleportation (7)
 H - a wand of teleportation (4)
 J - a wand of disintegration (12)
 Q - a wand of hasting (3)
Scrolls
 a - 18 scrolls of remove curse
 d - 5 scrolls of identify
 g - 7 scrolls of fog
 k - a scroll of magic mapping
 o - 7 scrolls of enchant armour
 r - 16 scrolls of teleportation
 s - 4 scrolls of enchant weapon
 y - a scroll of silence
 G - 8 scrolls of amnesia
 I - a scroll of recharging
 M - 6 scrolls of fear
 O - 4 scrolls of summoning
Potions
 b - 3 potions of brilliance
 e - 10 potions of flight
 f - 3 potions of cancellation
 i - 4 potions of invisibility
 m - 5 potions of haste
 n - 25 potions of curing
 t - 3 potions of berserk rage
 w - 8 potions of agility
 x - 5 potions of mutation
 A - 10 potions of heal wounds
 D - 4 potions of magic
 E - 5 potions of resistance
 R - 2 potions of cure mutation
 V - a potion of might
Comestibles
 z - 8 bread rations
 B - 29 fruits
 P - 4 meat rations
 U - 11 royal jellies
 Y - 3 beef jerkies


   Skills:
 + Level 25.9 Fighting
   Level 1.1 Short Blades
 - Level 24.1 Maces & Flails
 - Level 23.3 Armour
 - Level 23.2 Dodging
 - Level 2.4 Stealth
 - Level 25.7 Shields
 - Level 1.3 Spellcasting
   Level 2.0 Hexes
 - Level 7.0 Invocations


You had 28 spell levels left.
You didn't know any spells.

Dungeon Overview and Level Annotations

Branches:
Dungeon (15/15)            Temple (0/1) D:7            Lair (8/8) D:11
 Shoals (4/4) Lair:3       Spider (4/4) Lair:6        Slime (0/6) Lair:7
    Orc (4/4) D:10            Elf (3/3) Orc:3        Vaults (5/5) D:13
  Crypt (0/3) Vaults:3     Depths (5/5) D:15            Zot (5/5) Depths:5

Altars:
Ashenzari
Fedhas
Kikubaaqudgha
Makhleb
Okawaru
Qazlal
Sif Muna
Trog
Yredelemnul
Zin
The Shining One

Shops:
D:6 *   D:7 *   D:14 [((   Orc:4 (=[[   Elf:2 =   Vaults:1 (   Vaults:5 *}
Depths:4 !

Portals:
Hell: Depths:1 Depths:2 Depths:3 Depths:4 Depths:5
Abyss: Depths:4
Pandemonium: Depths:3
Ziggurat: Depths:1
Trove: D:11 (give 17 potions of curing)

Annotations:
D:10 1 exclusion
Orc:4 exclusion: upstairs
Elf:2 3 runed doors
Zot:5 exclusion: orange crystal statue
Abyss:1 Nessos


Innate Abilities, Weirdness & Mutations

You reflexively headbutt those who attack you in melee.
You have a pair of horns on your head.
You are frail (-10% HP).
Your magical capacity is low (-10% MP).


Message History

The hellwing is severely wounded.
You block the hellwing's attack. x2
You whack the hellwing! You burn the hellwing.
The hellwing's corpse armour sloughs away.
You headbutt the hellwing.
You kill the hellwing!
Okawaru accepts your kill.
(D) Dungeon (T) Temple (L) Lair (A) Shoals (N) Spider Nest (M) Slime Pits (O) Orcish Mines (E) Elven Halls (V) Vaults (C) Crypt (U) Depths (H) Hell (Z) Zot
Where to? (Enter - D:1, ? - help)
There is a stone staircase leading up here.
You climb upwards.
There is a stone staircase leading down here.
Unknown command.
Your extra speed is starting to run out.
You feel yourself slow down.
There is a staircase leading out of the dungeon here.
You have escaped!

#.........###...............
#........## ##.......#)#####
#........# #.......#.#....
#........## ##.......#.#..#.
#.........###........#.##.#.
#....................#......
#...###.........###..####...
#..## ##.......## ##)# #...)
#..# #...@...# #.# #....
#..## ##.......## ##.# #....
#...###.........###..# #....
#....................# #....
#.........###........# #....
#........## ##.......# #....
#........# #.......# #....
#........## ##.......###....
#.........###........#......


There were no monsters in sight!

Vanquished Creatures
  5 orbs of fire
  8 ancient liches
  A shard shrike (shapeshifter) (Depths:2)
  Frederick (Vaults:4)
  Margery (Depths:4)
  Norris (Elf:3)
  Saint Roka (Elf:3)
  3 Killer Klowns
  11 golden dragons
  Jory (Vaults:2)
  A bone dragon (Abyss:2)
  A Hellbinder (WizLab)
  The ghost of bart the Eclecticist, an adept DrVM of Sif Muna (Depths:3)
  5 electric golems
  14 tentacled monstrosities
  Rupert (Orc:3)
  6 liches
  3 deep elf blademasters
  29 Orb Guardians
  4 titans
  3 quicksilver dragons
  A deep elf master archer (Elf:3)
  12 death cobs
  An octopode crusher (Depths:4)
  10 sphinxes
  9 tengu reavers
  Agnes (D:14)
  Frances (Spider:2)
  5 shadow dragons
  15 storm dragons
  A tentacled starspawn (Abyss:2)
  A shadow dragon (shapeshifter) (Depths:2)
  3 draconian monks
  A fire giant (shapeshifter) (Depths:2)
  Ilsuiw (Shoals:4)
  Wiglaf (Vaults:5)
  An azure jelly (shapeshifter) (Depths:2)
  18 vault wardens
  6 deep elf sorcerers
  A balrug (WizLab)
  A ghost moth (shapeshifter) (Depths:2)
  3 draconian knights
  12 fire giants
  4 draconian scorchers
  9 frost giants
  2 iron dragons
  5 ghost moths
  4 draconian zealots
  6 emperor scorpions
  A cacodemon (WizLab)
  5 draconian shifters
  8 war gargoyles
  19 ironheart preservers
  13 very ugly things
  4 draconian annihilators
  A vampire knight (Depths:4)
  5 green draconians
  25 stone giants
  A salamander firebrand (Depths:2)
  8 deep elf demonologists
  8 black draconians
  2 grey draconians (Depths:5)
  6 deep elf annihilators (Elf:3)
  4 draconian callers
  2 salamander stormcallers
  Azrael (Spider:2)
  A dire elephant (Lair:8)
  7 white draconians
  6 mottled draconians
  8 red draconians
  8 purple draconians
  6 yellow draconians
  10 merfolk javelineers
  12 crystal guardians (Depths:2)
  Snorg (Orc:1)
  A minotaur (Lab)
  4 deep elf death magi (Elf:3)
  2 merfolk impalers (Shoals:3)
  15 ettins
  45 vault guards
  Josephine (Lair:5)
  9 entropy weavers
  13 fire dragons
  14 yaktaur captains
  3 blizzard demons
  Fannar (Orc:1)
  3 deep elf high priests
  2 rakshasas
  A green death (WizLab)
  6 great orbs of eyes
  Erolcha (D:10)
  18 ice dragons
  2 hydras
  An entropy weaver (shapeshifter) (Depths:2)
  3 catoblepae
  2 spriggan air magi
  An alligator snapping turtle (shapeshifter) (Vaults:5)
  A death knight (Vaults:3)
  An anaconda (shapeshifter) (Depths:2)
  A merfolk avatar (Shoals:4)
  Erica (D:8)
  13 centaur warriors
  3 hell beasts (WizLab)
  27 ogre magi
  2 merfolk aquamancers (Shoals:4)
  11 deep troll shamans
  A satyr (Shoals:4)
  14 dancing weapons
  A satyr (shapeshifter) (Depths:2)
  A shock serpent (shapeshifter) (Vaults:1)
  A tengu warrior (Depths:3)
  2 orc high priests (Orc:4)
  8 deep troll earth magi
  3 vampire magi
  8 death yaks
  A death yak (shapeshifter) (Depths:2)
  2 spriggan berserkers (Depths:4)
  2 soul eaters (WizLab)
  A queen ant (Spider:3)
  5 sun demons
  3 shadow wraiths
  A fire crab (shapeshifter) (D:15)
  A wretched star (Abyss:2)
  10 hell knights
  An iron troll (Depths:4)
  2 unseen horrors
  7 deep elf knights
  2 fire crabs (Vaults:2)
  27 deep trolls
  A ball lightning (Depths:2)
  9 sea snakes
  2 death drakes (shapeshifter)
  8 hill giants
  A deep troll (shapeshifter) (Depths:2)
  A swamp dragon (shapeshifter) (D:14)
  A flayed ghost (Vaults:3)
  A lindwurm (Lair:7)
  2 obsidian statues (Depths:2)
  An orange crystal statue (Depths:2)
  7 deep elf summoners
  8 giant orange brains
  8 harpies
  8 necromancers
  10 fauns
  9 hornets
  16 ironbrand convokers
  16 deep elf conjurers
  25 wolf spiders
  67 ugly things
  A faun (shapeshifter) (Elf:3)
  17 orb spiders
  4 orc sorcerers (Orc:4)
  3 water nymphs
  10 orc knights
  10 griffons
  2 manticores (shapeshifter) (D:15)
  A hornet (shapeshifter) (Vaults:3)
  9 wizards
  10 cyclopes
  2 manticores
  3 sirens (Shoals:4)
  A rust devil (Depths:4)
  A titan simulacrum (Vaults:5)
  A water nymph (shapeshifter) (Vaults:2)
  21 moths of wrath
  2 orange demons
  Joseph (D:10)
  4 centaur zombies
  2 guardian serpents (shapeshifter)
  18 elephants
  3 black mambas
  5 gargoyles
  A molten gargoyle (Depths:2)
  4 smoke demons
  A spriggan skeleton (Depths:3)
  20 vault sentinels
  13 spiny frogs
  4 fire drakes
  5 komodo dragons
  10 large abominations
  9 demonic crawlers
  6 hellwings
  5 kobold demonologists
  2 tormentors
  8 trolls
  An ancient zyme (Abyss:1)
  8 freezing wraiths
  3 red devils
  18 deep elf priests
  66 yaktaurs
  2 tengu conjurers
  3 blue devils
  17 merfolk
  A queen bee (D:15)
  5 polar bears
  Grinder (D:4)
  31 two-headed ogres
  4 wind drakes
  A two-headed ogre (shapeshifter) (D:13)
  21 jumping spiders
  A raiju (shapeshifter) (Depths:1)
  19 blink frogs
  7 boulder beetles
  21 slime creatures
  2 snapping turtles
  A stone giant simulacrum (Vaults:1)
  8 flying skulls
  22 trapdoor spiders
  5 wyverns
  9 fire elementals
  10 vampires
  17 water elementals
  10 air elementals
  A tarantella (shapeshifter) (D:15)
  19 tarantellas
  49 redbacks
  7 wraiths
  3 golden eyes (Abyss:1)
  A spriggan simulacrum (Depths:3)
  3 shadows
  32 deep elf magi
  5 ynoxinuls
  A golden eye (shapeshifter) (Vaults:2)
  28 yaks
  11 hippogriffs
  32 deep elf fighters
  3 neqoxecs
  Grum (D:11)
  8 vampire mosquitoes
  23 wolves
  A steam dragon (D:11)
  2 hungry ghosts
  9 wargs
  3 basilisks
  2 spatial vortices
  6 soldier ants
  2 insubstantial wisps (Depths:2)
  4 mottled dragons
  A soldier ant (shapeshifter) (Depths:2)
  2 hell hounds (Spider:2)
  A human skeleton (Depths:3)
  15 water moccasins
  34 orc warriors
  A swamp drake (D:10)
  2 black bears
  An ice beast (shapeshifter) (D:15)
  4 ice beasts
  2 black bears (shapeshifter) (Elf:1)
  A boggart (shapeshifter) (Depths:2)
  An ogre (shapeshifter) (Depths:2)
  5 phantoms
  6 boggarts
  66 ogres
  5 sky beasts
  21 spiders
  An eye of draining (shapeshifter) (Depths:2)
  An ettin simulacrum (Vaults:5)
  10 porcupines
  2 necrophages (D:11)
  6 wasps
  26 centaurs
  A brain worm (Lair:5)
  4 big kobolds
  14 crocodiles
  10 earth elementals (Depths:2)
  30 giant frogs
  2 scorpions (D:14)
  A wyvern skeleton (D:11)
  21 killer bees
  An elf simulacrum (Vaults:2)
  2 electric eels
  4 quasits
  2 giant frog zombies
  A wasp zombie (D:12)
  A hound (shapeshifter) (Vaults:3)
  A human simulacrum (Vaults:2)
  9 human zombies (Depths:4)
  6 starcursed masses
  5 giant frog skeletons
  5 crimson imps
  4 hounds
  Crazy Yiuf (D:7)
  6 centaur skeletons
  25 orc priests
  Ijyb (D:2)
  3 iguanas
  A jelly (shapeshifter) (Depths:2)
  5 jellies
  A gnoll shaman (D:6)
  A hell rat (Depths:4)
  40 orc wizards
  A worker ant (shapeshifter) (Depths:2)
  A killer bee zombie (D:11)
  30 worker ants
  2 sheep
  A hound zombie (D:6)
  9 small abominations
  3 hound skeletons
  A mummy (Volcano)
  A worker ant zombie (D:8)
  8 gnolls
  11 adders
  44 river rats
  6 shadow imps
  4 white imps (Depths:3)
  An ufetubus (Depths:3)
  An ooze (D:3)
  An adder skeleton (D:4)
  2 adder zombies
  4 worms
  167 orcs
  2 ball pythons
  15 bats
  4 giant cockroaches
  8 goblins
  6 hobgoblins
  A jackal (shapeshifter) (Vaults:5)
  8 jackals
  5 quokkas
  8 giant geckos
  A giant gecko zombie (D:5)
  6 giant newts
  A jackal skeleton (D:3)
  27 kobolds
  A quokka skeleton (D:5)
  8 rats
  5 crawling corpses
  3 fire vortices
  2 fungi (Lair:8)
  2 starspawn tentacles (Abyss:2)
2543 creatures vanquished.

Vanquished Creatures (collateral kills)
  A deep elf master archer (Elf:3)
  A tengu reaver (Vaults:4)
  An ironheart preserver (Vaults:2)
  2 deep elf annihilators (Elf:3)
  2 deep elf demonologists
  2 ogre magi (Depths:3)
  A deep troll shaman (Depths:5)
  A deep troll (D:15)
  A giant orange brain (shapeshifter) (Vaults:2)
  2 deep elf summoners (Elf:3)
  An obsidian statue (Depths:2)
  A flayed ghost (Vaults:4)
  A necromancer (Depths:4)
  An orc knight (Vaults:1)
  2 ironbrand convokers
  2 ugly things (Vaults:2)
  A cyclops (Vaults:2)
  A vault sentinel (Vaults:2)
  A centaur zombie (D:13)
  A yaktaur (Vaults:2)
  2 kobold demonologists (D:13)
  A jumping spider (Depths:1)
  2 deep elf priests
  A troll (shapeshifter) (Depths:5)
  3 two-headed ogres
  A deep elf fighter (Vaults:4)
  A redback (shapeshifter) (Vaults:3)
  A ynoxinul (WizLab)
  2 redbacks (D:15)
  A small abomination (Elf:1)
  A porcupine (Depths:4)
  4 ogres
  A big kobold (Vaults:3)
  An orc wizard (Vaults:1)
  2 kobolds (D:13)
  A rat (Depths:4)
51 creatures vanquished.

Vanquished Creatures (others)
  A lich (Depths:3)
  4 eldritch tentacles
  A fire giant (Depths:3)
  A ghost moth (Spider:4)
  A draconian knight (Zot:5)
  2 salamander stormcallers
  A deep elf demonologist (Elf:3)
  A white draconian (Zot:3)
  A great orb of eyes (Depths:5)
  A deep elf high priest (Elf:1)
  An ogre mage (Depths:3)
  A dancing weapon (Depths:2)
  15 ball lightnings
  An unseen horror (Vaults:1)
  An ironbrand convoker (Vaults:1)
  A phantasmal warrior (Vaults:3)
  A giant orange brain (Depths:2)
  An ugly thing (Vaults:2)
  A hornet (shapeshifter) (Depths:2)
  A moth of wrath (Zot:3)
  A siren (Shoals:4)
  2 kobold demonologists
  A yaktaur (Vaults:5)
  A redback (Depths:5)
  A deep elf fighter (Vaults:1)
  A spatial vortex (Vaults:4)
  A black bear (shapeshifter) (Depths:2)
  A spider (Spider:4)
  3 boggarts (D:15)
  A jelly (D:14)
  A human zombie (Depths:4)
  An ufetubus (WizLab)
  An orc (Orc:3)
  A crawling corpse (Elf:1)
  372 eldritch tentacle segments
  5 fire vortices
  18 fungi
  16 plants
466 creatures vanquished.

Grand Total: 3060 creatures vanquished

Notes
Turn   | Place    | Note
--------------------------------------------------------------
     0 | D:1      | MDvedh the Minotaur Enchanter began the quest for the Orb.
     0 | D:1      | Reached XP level 1. HP: 14/14 MP: 1/1
   177 | D:1      | Reached skill level 1 in Fighting
   611 | D:1      | Reached skill level 1 in Maces & Flails
   611 | D:1      | Reached XP level 2. HP: 20/23 MP: 3/3
  1094 | D:2      | Noticed Ijyb
  1123 | D:2      | Killed Ijyb
  1123 | D:2      | Reached XP level 3. HP: 13/30 MP: 4/4
  1367 | D:2      | Reached skill level 3 in Maces & Flails
  1459 | D:2      | Reached XP level 4. HP: 27/37 MP: 5/5
  2529 | D:3      | Reached skill level 4 in Maces & Flails
  2724 | D:3      | Reached XP level 5. HP: 31/45 MP: 6/6
  3123 | D:3      | Reached skill level 5 in Maces & Flails
  3275 | D:4      | Reached XP level 6. HP: 29/52 MP: 4/7
  3430 | D:4      | Noticed Grinder
  3447 | D:4      | Killed Grinder
  3447 | D:4      | Reached skill level 6 in Maces & Flails
  3605 | D:4      | Noticed an ogre
  3606 | D:4      | Reached XP level 7. HP: 54/59 MP: 8/8
  3617 | D:4      | Killed an ogre
  3617 | D:4      | Reached skill level 7 in Maces & Flails
  3943 | D:5      | Entered Level 5 of the Dungeon
  4193 | D:5      | Found an ancient bone altar of Kikubaaqudgha.
  4214 | D:5      | Reached skill level 8 in Maces & Flails
  4242 | D:5      | Found a glowing golden altar of the Shining One.
  4438 | D:5      | Reached XP level 8. HP: 66/66 MP: 9/9
  4655 | D:5      | Reached skill level 9 in Maces & Flails
  4682 | D:5      | Found an iron altar of Okawaru.
  4683 | D:5      | Found a bloodstained altar of Trog.
  4693 | D:5      | Became a worshipper of Warmaster Okawaru
  4748 | D:5      | Found a stormy altar of Qazlal.
  4940 | D:6      | Reached skill level 5 in Armour
  4950 | D:6      | Identified a scroll of acquirement
  5006 | D:6      | Found Zin's Purification Station.
  5008 | D:6      | Found a glowing silver altar of Zin.
  5047 | D:6      | Reached skill level 5 in Fighting
  5138 | D:6      | Found a burning altar of Makhleb.
  5278 | D:6      | Reached skill level 10 in Maces & Flails
  5726 | D:7      | Found a shattered altar of Ashenzari.
  5772 | D:7      | Found Dotzawan's Serpentskin Sales.
  5773 | D:7      | Reached * piety under Okawaru
  5848 | D:7      | Reached XP level 9. HP: 75/75 MP: 10/10
  6105 | D:7      | Found a staircase to the Ecumenical Temple.
  6232 | D:7      | Found a blossoming altar of Fedhas.
  6359 | D:7      | Noticed Crazy Yiuf
  6411 | D:7      | Killed Crazy Yiuf
  6501 | D:8      | Reached skill level 11 in Maces & Flails
  6503 | D:8      | Noticed Erica
  6512 | D:8      | Killed Erica
  6512 | D:8      | Reached ** piety under Okawaru
  6532 | D:8      | Reached *** piety under Okawaru
  6894 | D:8      | Reached skill level 12 in Maces & Flails
  7492 | D:9      | Reached XP level 10. HP: 88/88 MP: 11/11
  7582 | D:9      | Found a deep blue altar of Sif Muna.
  7755 | D:10     | Entered Level 10 of the Dungeon
  7815 | D:10     | Reached **** piety under Okawaru
  8029 | D:10     | Reached skill level 13 in Maces & Flails
  8095 | D:10     | Killed an unseen horror
  8122 | D:10     | Noticed Joseph
  8139 | D:10     | Killed Joseph
  8485 | D:10     | Noticed a hill giant
  8500 | D:10     | Killed a hill giant
  8500 | D:10     | Reached ***** piety under Okawaru
  8756 | D:10     | Found a staircase to the Orcish Mines.
  8759 | D:10     | Noticed Erolcha
  8782 | D:10     | Cast into the Abyss (Erolcha)
  8819 | Abyss:1  | Noticed a starcursed mass
  8827 | Abyss:1  | Killed a starcursed mass
  9094 | Abyss:1  | Found a corrupted altar of Lugonu.
  9307 | Abyss:1  | Reached XP level 11. HP: 97/97 MP: 12/12
  9482 | Abyss:2  | Reached skill level 5 in Dodging
  9502 | Abyss:2  | Noticed a spatial maelstrom
  9523 | Abyss:2  | Noticed a red very ugly thing
  9543 | Abyss:2  | Noticed an anubis guard
  9543 | Abyss:2  | an anubis guard changed into a jumping spider
  9545 | Abyss:2  | Noticed a wretched star
  9673 | Abyss:2  | Found a corrupted altar of Lugonu.
  9773 | Abyss:2  | Noticed a large abomination
  9780 | Abyss:2  | Noticed a tentacled starspawn
  9780 | Abyss:2  | Noticed a tentacled starspawn
  9805 | Abyss:2  | Killed a large abomination
  9805 | Abyss:2  | Reached skill level 10 in Armour
  9805 | Abyss:2  | Reached skill level 1 in Invocations
  9814 | Abyss:2  | Killed a tentacled starspawn
  9814 | Abyss:2  | Reached skill level 10 in Fighting
  9833 | D:10     | Escaped the Abyss
  9848 | D:10     | Killed Erolcha
 10232 | D:11     | Found a staircase to the Lair.
 10366 | D:10     | Noticed a hill giant
 10375 | D:10     | Killed a hill giant
 10415 | D:11     | Found a portal to a secret trove of treasure.
 10445 | D:11     | Received a gift from Okawaru
 10882 | D:11     | Noticed Grum
 10897 | D:11     | Killed Grum
 10971 | D:11     | Got a flickering turquoise ring
 11223 | D:11     | Reached XP level 12. HP: 108/108 MP: 14/14
 11572 | D:11     | Noticed a hill giant
 11580 | D:11     | Killed a hill giant
 11599 | D:11     | Got a pitted cloak
 11610 | D:11     | Identified the cursed +0 cloak of the Catfish {Stlth+} (You found it on level 11 of the Dungeon)
 11611 | D:11     | Identified the ring of the King {SustAt Int+4 Dex+3} (You found it on level 11 of the Dungeon)
 11736 | Lair:1   | Entered Level 1 of the Lair of Beasts
 11813 | Lair:1   | Reached skill level 5 in Invocations
 14015 | Lair:3   | Found a dark tunnel.
 14050 | Lair:3   | Noticed a seven-headed hydra
 14062 | Lair:3   | Killed a seven-headed hydra
 14196 | Volcano  | Entered a volcano
 14706 | Lair:3   | Reached skill level 14 in Maces & Flails
 14991 | Lair:3   | Reached XP level 13. HP: 117/119 MP: 17/17
 15058 | Lair:3   | Received a gift from Okawaru
 15166 | Lair:3   | Found a staircase to the Shoals.
 16227 | Lair:5   | Noticed Josephine
 16235 | Lair:5   | Reached skill level 10 in Dodging
 16248 | Lair:5   | Killed Josephine
 16539 | Lair:5   | Got a sapphire whip
 16540 | Lair:5   | Identified the cursed +2 whip "Izogisie" {drain, rElec MR- Str+4 Int+4} (You found it on level 5 of the Lair of Beasts)
 17323 | Lair:6   | Received a gift from Okawaru
 17675 | Lair:6   | Found a hole to the Spider Nest.
 18156 | Lair:7   | Reached skill level 15 in Maces & Flails
 18178 | Lair:7   | Found a staircase to the Slime Pits.
 18251 | Lair:7   | Found a labyrinth entrance.
 18271 | Lab      | Entered a labyrinth
 19176 | Lair:8   | Entered Level 8 of the Lair of Beasts
 19197 | Lair:8   | Reached XP level 14. HP: 105/130 MP: 16/18
 19835 | Lair:8   | Reached ****** piety under Okawaru
 19961 | Lair:8   | Received a gift from Okawaru
 20451 | Lair:8   | Noticed a dire elephant
 20473 | Lair:8   | Killed a dire elephant
 20473 | Lair:8   | Received a gift from Okawaru
 20482 | Lair:8   | Got an ancient hat {god gift}
 20488 | Lair:8   | Identified the +2 hat of the Turtle {+Inv rElec rN+} (Okawaru gifted it to you on level 8 of the Lair of Beasts)
 20913 | Orc:1    | Entered Level 1 of the Orcish Mines
 21053 | Orc:1    | Noticed Snorg
 21066 | Orc:1    | Killed Snorg
 21170 | Orc:2    | Noticed Fannar
 21189 | Orc:1    | Killed Fannar
 21328 | Orc:3    | Noticed Rupert
 21328 | Orc:3    | Noticed Nessos
 21771 | Orc:4    | Entered Level 4 of the Orcish Mines
 22302 | Orc:4    | Found Caufer's Antique Armour Shop.
 22302 | Orc:4    | Found Jikhomy's Antique Armour Shop.
 22303 | Orc:4    | Found Ytemn's Jewellery Boutique.
 22306 | Orc:4    | Found Mafuy's Weapon Boutique.
 22311 | Orc:4    | Bought an uncursed ring of poison resistance for 260 gold pieces
 22314 | Orc:4    | Bought a warped chain mail for 247 gold pieces
 22324 | Orc:4    | Identified the +4 chain mail of Liberalism {Str+4} (You bought it in a shop on level 4 of the Orcish Mines)
 22336 | Orc:4    | Bought an uncursed ring of see invisible for 195 gold pieces
 22507 | Orc:4    | Gained mutation: You occasionally shout uncontrollably at your foes. [a neqoxec]
 22509 | Orc:4    | Gained mutation: You are agile. (Dex +2) [a neqoxec]
 22534 | Orc:4    | Reached skill level 16 in Maces & Flails
 22809 | Orc:4    | Bought a cursed ring of protection from fire for 286 gold pieces
 22809 | Orc:4    | Bought an uncursed ring of protection from cold for 325 gold pieces
 22810 | Orc:4    | Bought the +5 demon whip "Spellbinder" {antimagic, MR+} for 991 gold pieces
 23284 | D:12     | Reached skill level 1 in Shields
 23299 | D:12     | Found a glowing golden altar of the Shining One.
 23558 | D:12     | Found a blossoming altar of Fedhas.
 23565 | D:12     | Gained mutation: Scrolls take you a little longer to read. [mutagenic meat]
 23568 | D:12     | Gained mutation: You can spit weak poison. [mutagenic meat]
 23569 | D:12     | Gained mutation: You sometimes yell uncontrollably at your foes. [mutagenic meat]
 23572 | D:12     | Lost mutation: You can spit weak poison. [potion of cure mutation]
 23572 | D:12     | Lost mutation: Scrolls take you a little longer to read. [potion of cure mutation]
 23572 | D:12     | Lost mutation: You are agile. (Dex +2) [potion of cure mutation]
 23735 | D:13     | Gained mutation: Scrolls take you a little longer to read. [mutagenic meat]
 23736 | D:13     | Gained mutation: You frequently scream uncontrollably at your foes. [mutagenic meat]
 23737 | D:13     | Gained mutation: You expend magic power (3 MP) to strengthen your wands. [mutagenic meat]
 23738 | D:13     | Lost mutation: You frequently scream uncontrollably at your foes. [mutagenic meat]
 23739 | D:13     | Lost mutation: Scrolls take you a little longer to read. [potion of cure mutation]
 23739 | D:13     | Lost mutation: You sometimes yell uncontrollably at your foes. [potion of cure mutation]
 23739 | D:13     | Lost mutation: You expend magic power (3 MP) to strengthen your wands. [potion of cure mutation]
 23739 | D:13     | Lost mutation: You occasionally shout uncontrollably at your foes. [potion of cure mutation]
 23821 | D:13     | Got a scorched garnet amulet
 23822 | D:13     | Identified the amulet "Gehitun" {Ward rElec rN+ Str+7 SInv Stlth-} (You found it on level 13 of the Dungeon)
 23961 | D:13     | Reached skill level 5 in Shields
 24003 | D:13     | Got a smoking whip
 24004 | D:13     | Identified the +8 whip of Hecvexzo {flame, rElec rPois rF-} (You found it on level 13 of the Dungeon)
 24078 | D:13     | Received a gift from Okawaru
 24137 | D:13     | Reached XP level 15. HP: 139/139 MP: 6/19
 24169 | D:13     | Found a gate to the Vaults.
 25104 | D:14     | Found Xoaz Jet's Antique Weapon Emporium.
 25119 | D:14     | Noticed Agnes
 25133 | D:14     | Killed Agnes
 25232 | D:14     | Found Rud Nog's Antique Weapon Shop.
 25304 | D:14     | Reached skill level 10 in Shields
 25402 | D:14     | Found Tixuor's Armour Shoppe.
 25822 | D:15     | Entered Level 15 of the Dungeon
 26785 | D:15     | Received a gift from Okawaru
 26891 | D:15     | Found a staircase to the Depths.
 27569 | Spider:1 | Entered Level 1 of the Spider Nest
 27617 | Spider:1 | Received a gift from Okawaru
 27629 | Spider:1 | Got a twisted dire flail {god gift}
 27630 | Spider:1 | Identified the +9 dire flail "Osor" {crush, MP+9 Str-4 Int+2 Dex-2} (Okawaru gifted it to you on level 1 of the Spider Nest)
 28728 | Spider:2 | Reached XP level 16. HP: 133/143 MP: 6/20
 29145 | Spider:2 | Received a gift from Okawaru
 29148 | Spider:2 | Got a fine eveningstar {god gift}
 29149 | Spider:2 | Identified the +10 eveningstar of Feazxomp {pain, +Rage rC- rN++} (Okawaru gifted it to you on level 2 of the Spider Nest)
 29166 | Spider:2 | Noticed Azrael
 29183 | Spider:2 | Killed Azrael
 29183 | Spider:2 | Reached skill level 15 in Shields
 29205 | Spider:2 | Noticed Frances
 29221 | Spider:2 | Killed Frances
 31165 | Spider:4 | Entered Level 4 of the Spider Nest
 31274 | Spider:4 | Reached skill level 17 in Shields
 31815 | Spider:4 | Received a gift from Okawaru
 31944 | Spider:4 | Reached skill level 15 in Fighting
 32023 | Spider:4 | Reached skill level 15 in Armour
 32503 | Spider:4 | Received a gift from Okawaru
 32638 | Spider:4 | Got a gossamer rune of Zot
 32825 | Spider:4 | Reached XP level 17. HP: 156/156 MP: 7/21
 33195 | D:14     | Bought a +0 pair of boots of flying for 172 gold pieces
 33408 | Shoals:1 | Entered Level 1 of the Shoals
 33475 | Shoals:2 | Received a gift from Okawaru
 33817 | Shoals:4 | Entered Level 4 of the Shoals
 34195 | Shoals:4 | Noticed Ilsuiw
 34818 | Shoals:4 | Killed Ilsuiw
 35357 | Shoals:4 | Got a barnacled rune of Zot
 35598 | Vaults:1 | Entered Level 1 of the Vaults
 36059 | Vaults:1 | Received a gift from Okawaru
 36520 | Vaults:1 | Received a gift from Okawaru
 37063 | Vaults:1 | Reached XP level 18. HP: 163/168 MP: 7/22
 37436 | Vaults:1 | Reached skill level 18 in Maces & Flails
 38034 | Vaults:1 | Found Gaer's Weapon Shop.
 38080 | Vaults:1 | Received a gift from Okawaru
 38493 | Vaults:2 | Reached skill level 15 in Dodging
 38735 | Vaults:2 | Received a gift from Okawaru
 38790 | Vaults:2 | Noticed Jory
 38802 | Vaults:2 | Killed Jory
 40073 | Vaults:2 | Reached XP level 19. HP: 116/179 MP: 7/23
 40391 | Vaults:2 | Reached skill level 19 in Maces & Flails
 40622 | Vaults:2 | Found a gateway to a bazaar.
 40746 | Bazaar   | Entered a bazaar
 40750 | Bazaar   | Found Osmenar's Antique Armour Emporium.
 40758 | Bazaar   | Found Kiojemm's Weapon Boutique.
 40799 | Bazaar   | Found Bebbig's Weapon Shoppe.
 40807 | Bazaar   | Found Fuob's Book Shop.
 40856 | Bazaar   | Bought a spiked large shield for 228 gold pieces
 40856 | Bazaar   | Bought a pitted ring mail for 216 gold pieces
 40856 | Bazaar   | Identified the cursed +0 large shield of Limitation {rElec MR+} (You bought it in a shop in a bazaar)
 40857 | Bazaar   | Identified the +4 ring mail of Iluh {+Fly rElec Int+4 Stlth-} (You bought it in a shop in a bazaar)
 41420 | Vaults:3 | Received a gift from Okawaru
 42053 | Vaults:3 | Found a staircase to the Crypt.
 43525 | Vaults:4 | Received a gift from Okawaru
 43749 | Vaults:4 | Got a steaming plate armour {god gift}
 43750 | Vaults:4 | Identified the +10 plate armour "Cuocholo" {-Tele rPois rCorr} (Okawaru gifted it to you on level 4 of the Vaults)
 44099 | Vaults:4 | Reached XP level 20. HP: 131/189 MP: 8/24
 44525 | Vaults:4 | Reached skill level 20 in Maces & Flails
 44817 | Vaults:4 | Noticed Frederick
 44832 | Vaults:4 | Killed Frederick
 45355 | Vaults:4 | Cast into the Abyss (a deep elf demonologist)
 45641 | Abyss:2  | Found a bloodstained altar of Trog.
 45689 | Vaults:4 | Escaped the Abyss
 45869 | Vaults:5 | Entered Level 5 of the Vaults
 45918 | Vaults:5 | Received a gift from Okawaru
 46102 | Vaults:5 | Got a pitted cloak {god gift}
 46103 | Vaults:5 | Identified the +0 cloak of Dureneele {MR+ rCorr Dex+3} (Okawaru gifted it to you on level 5 of the Vaults)
 46889 | Vaults:5 | Noticed an ancient lich
 46901 | Vaults:5 | Killed an ancient lich
 47350 | Vaults:5 | Reached XP level 21. HP: 194/200 MP: 8/25
 47489 | Vaults:5 | Noticed a golden dragon
 47504 | Vaults:5 | Killed a golden dragon
 47654 | Vaults:5 | Received a gift from Okawaru
 47654 | Vaults:5 | Reached skill level 21 in Maces & Flails
 48197 | Vaults:5 | Noticed Wiglaf
 48218 | Vaults:5 | Killed Wiglaf
 48403 | Vaults:5 | Found Optughir's General Store.
 48403 | Vaults:5 | Noticed a golden dragon
 48418 | Vaults:5 | Received a gift from Okawaru
 48423 | Vaults:5 | Killed a golden dragon
 48433 | Vaults:5 | Bought a scroll of identify for 36 gold pieces
 48659 | Vaults:5 | Received a gift from Okawaru
 49241 | Vaults:5 | Noticed a golden dragon
 49335 | Vaults:5 | Killed a golden dragon
 49340 | Vaults:5 | Reached XP level 22. HP: 65/211 MP: 6/26
 49571 | Vaults:5 | Noticed a golden dragon
 49580 | Vaults:5 | Killed a golden dragon
 49982 | Vaults:5 | Found Bociav's Gadget Shoppe.
 49988 | Vaults:5 | Bought a wand of teleportation (2) for 360 gold pieces
 49988 | Vaults:5 | Bought a wand of hasting (3) for 840 gold pieces
 50093 | Vaults:5 | Got a coiled marble ring
 50111 | Vaults:5 | Got a silver rune of Zot
 50473 | Orc:3    | Killed Rupert
 50500 | Orc:3    | Banished Nessos
 50574 | Orc:3    | Found a staircase to the Elven Halls.
 50906 | Elf:1    | Entered Level 1 of the Elven Halls
 51009 | Elf:1    | Reached skill level 22 in Maces & Flails
 51128 | Elf:1    | Found a flickering gateway to a bazaar.
 51134 | Bazaar   | Entered a bazaar
 51134 | Bazaar   | Found Joaboh's Antique Weapon Shop.
 51160 | Bazaar   | Found Eggaffot's Distillery.
 51168 | Bazaar   | Bought a potion of curing for 33 gold pieces
 51168 | Bazaar   | Bought a potion of curing for 33 gold pieces
 51168 | Bazaar   | Bought 2 potions of curing for 66 gold pieces
 51180 | Bazaar   | Found Ofopp's Antique Armour Shop.
 51202 | Bazaar   | Bought a transparent flail for 178 gold pieces
 51202 | Bazaar   | Identified the cursed +2 flail of Joleffup {flame, rN++ MP+9 Dex-3 Stlth+} (You bought it in a shop in a bazaar)
 51203 | Bazaar   | Identified the ring "Rithicho" {rPois rF++ rC+ MP+9} (You took it off an ironheart preserver on level 5 of the Vaults)
 51376 | Elf:1    | Received a gift from Okawaru
 51944 | Elf:1    | Was placed under penance by Okawaru
 52083 | Elf:1    | Got a pair of scorched gloves
 52084 | Elf:1    | Identified the +2 pair of gloves of Cowardice {rF+ Dex+5 SInv} (You acquired it on level 1 of the Elven Halls)
 52215 | Elf:2    | Found Jugunkar's Jewellery Shoppe.
 52350 | Elf:2    | Found a runed gate.
 52350 | Elf:2    | Found a runed gate.
 52350 | Elf:2    | Found a runed gate.
 52780 | Elf:2    | Was forgiven by Okawaru
 52856 | Elf:3    | Entered Level 3 of the Elven Halls
 53088 | Elf:3    | Received a gift from Okawaru
 53411 | Elf:3    | Noticed Norris
 53444 | Elf:3    | Killed Norris
 53597 | Elf:3    | Got an ichor-stained buckler
 53599 | Elf:3    | Identified the cursed +0 buckler of Beyond {rN+ SInv} (You took it off a deep elf knight on level 3 of the Elven Halls)
 53626 | Elf:3    | Noticed Saint Roka
 53658 | Elf:3    | Killed Saint Roka
 53794 | Elf:3    | Got a faintly glowing plate armour
 53796 | Elf:3    | Identified the +7 plate armour "Fostuty" {rPois Regen+ Str+3 Dex-4} (You took it off a deep elf priest on level 3 of the Elven Halls)
 54708 | Elf:3    | Got a crude steel ring
 55294 | Depths:1 | Entered Level 1 of the Depths
 55456 | Depths:1 | Reached XP level 23. HP: 207/222 MP: 12/27
 55923 | Depths:1 | Received a gift from Okawaru
 56103 | Depths:1 | Found a gateway to Hell.
 56161 | Depths:1 | Found a gateway to a ziggurat.
 56217 | Depths:1 | Found a basalt altar of Yredelemnul.
 57189 | Depths:2 | Reached skill level 23 in Maces & Flails
 57383 | Depths:2 | Received a gift from Okawaru
 57507 | Depths:2 | Got a spiked crystal plate armour
 57508 | Depths:2 | Identified the ring of Sicvecej {*Corrode rN+ Str+4 SInv Stlth+} (You took it off a deep elf demonologist on level 3 of the Elven Halls)
 57509 | Depths:2 | Identified the cursed +0 crystal plate armour "Waigelan" {Str+6 Dex+3} (You found it on level 2 of the Depths)
 58245 | Depths:2 | Gained mutation: You evolve. [potion of mutation]
 58245 | Depths:2 | Gained mutation: You are partially covered in molten scales (AC +1). [potion of mutation]
 58245 | Depths:2 | Gained mutation: You are frail (-10% HP). [potion of mutation]
 58246 | Depths:2 | Lost mutation: You are frail (-10% HP). [potion of cure mutation]
 58246 | Depths:2 | Lost mutation: You evolve. [potion of cure mutation]
 58246 | Depths:2 | Lost mutation: You are partially covered in molten scales (AC +1). [potion of cure mutation]
 58427 | Depths:2 | Noticed a shard shrike
 58433 | Depths:2 | Noticed a shard shrike
 58435 | Depths:2 | Noticed a juggernaut
 58435 | Depths:2 | a shard shrike changed into a juggernaut
 58439 | Depths:2 | Noticed a shard shrike
 58439 | Depths:2 | a juggernaut changed into a shard shrike
 58441 | Depths:2 | Noticed a juggernaut
 58441 | Depths:2 | a shard shrike changed into a juggernaut
 58444 | Depths:2 | a juggernaut changed into a titan
 58447 | Depths:2 | Noticed a shard shrike
 58447 | Depths:2 | a titan changed into a shard shrike
 58457 | Depths:2 | Killed a shard shrike
 58960 | Depths:3 | Noticed bart's ghost (adept DrVM)
 59028 | Depths:3 | Killed bart's ghost
 59247 | Depths:3 | Found a deep blue altar of Sif Muna.
 59272 | Depths:3 | Noticed an ancient lich
 59282 | Depths:3 | Banished an ancient lich
 59346 | Depths:3 | Reached XP level 24. HP: 233/233 MP: 12/27
 59499 | Depths:3 | Found a runed door.
 59555 | Depths:3 | Found a one-way gate leading to the halls of Pandemonium.
 59912 | Depths:3 | Received a gift from Okawaru
 59915 | Depths:3 | Got a fine hat {god gift}
 59916 | Depths:3 | Identified the +1 hat "Atuqun" {MP+9} (Okawaru gifted it to you on level 3 of the Depths)
 60347 | Depths:4 | Found a one-way gate to the infinite horrors of the Abyss.
 60476 | Depths:4 | Found a magical portal.
 60481 | WizLab   | Entered The Hall of Horgh the Hellbinder
 60551 | WizLab   | Was placed under penance by Okawaru
 61083 | WizLab   | Was forgiven by Okawaru
 61089 | WizLab   | Found a burning altar of Makhleb.
 61701 | Depths:4 | Found a basalt altar of Yredelemnul.
 61731 | Depths:4 | Was placed under penance by Okawaru
 61987 | Depths:4 | Was forgiven by Okawaru
 62055 | Depths:4 | Found Ogisiphu's Distillery.
 62108 | Depths:4 | Bought a potion of curing for 45 gold pieces
 62108 | Depths:4 | Bought a potion of haste for 150 gold pieces
 62108 | Depths:4 | Bought a potion of curing for 45 gold pieces
 62108 | Depths:4 | Bought a potion of heal wounds for 75 gold pieces
 62108 | Depths:4 | Bought a potion of curing for 45 gold pieces
 62108 | Depths:4 | Bought a potion of curing for 45 gold pieces
 62108 | Depths:4 | Bought 2 potions of might for 120 gold pieces
 62561 | Depths:5 | Entered Level 5 of the Depths
 62569 | Depths:5 | Noticed Margery
 62637 | Depths:4 | Killed Margery
 62718 | Depths:5 | Received a gift from Okawaru
 62801 | Depths:5 | Reached skill level 24 in Maces & Flails
 64185 | Depths:5 | Reached XP level 25. HP: 231/243 MP: 27/27
 64291 | Depths:5 | Found a gate to the Realm of Zot.
 64619 | Zot:1    | Entered Level 1 of the Realm of Zot
 64733 | Zot:1    | Received a gift from Okawaru
 65562 | Zot:2    | Noticed an orb of fire
 65570 | Zot:2    | Gained mutation: You regenerate slowly when monsters are visible. [an orb of fire]
 65587 | Zot:2    | Killed an orb of fire
 66407 | Zot:3    | Received a gift from Okawaru
 67507 | Zot:3    | Reached XP level 26. HP: 155/251 MP: 27/27
 68676 | Zot:5    | Entered Level 5 of the Realm of Zot
 68887 | Zot:5    | Received a gift from Okawaru
 69362 | Zot:5    | Noticed an ancient lich
 69373 | Zot:5    | Was placed under penance by Okawaru
 69376 | Zot:5    | Killed an ancient lich
 69394 | Zot:5    | Noticed an orb of fire
 69414 | Zot:5    | Killed an orb of fire
 69561 | Zot:5    | Was forgiven by Okawaru
 69573 | Zot:5    | Noticed an ancient lich
 69602 | Zot:5    | Killed an ancient lich
 69625 | Zot:5    | Received a gift from Okawaru
 69625 | Zot:5    | Reached skill level 25 in Shields
 69661 | Zot:5    | Noticed an orb of fire
 69673 | Zot:5    | Gained mutation: Your spells are a little easier to cast, but a little less powerful. [an orb of fire]
 69706 | Zot:5    | Killed an orb of fire
 69724 | Zot:5    | Lost mutation: You regenerate slowly when monsters are visible. [potion of cure mutation]
 69724 | Zot:5    | Lost mutation: Your spells are a little easier to cast, but a little less powerful. [potion of cure mutation]
 69831 | Zot:5    | Noticed an ancient lich
 69838 | Zot:5    | Noticed an orb of fire
 69845 | Zot:5    | Killed an ancient lich
 69859 | Zot:5    | Killed an orb of fire
 69867 | Zot:5    | Noticed an orb of fire
 69888 | Zot:5    | Gained mutation: Your magical capacity is low (-10% MP). [an orb of fire]
 69889 | Zot:5    | Killed an orb of fire
 69907 | Zot:5    | Noticed an ancient lich
 69926 | Zot:5    | Killed an ancient lich
 69926 | Zot:5    | Reached XP level 27. HP: 185/259 MP: 24/24
 69997 | Zot:5    | Noticed an ancient lich
 70031 | Zot:5    | Killed an ancient lich
 70187 | Zot:5    | Noticed an ancient lich
 70188 | Zot:5    | Noticed an ancient lich
 70204 | Zot:5    | Killed an ancient lich
 70215 | Zot:5    | Killed an ancient lich
 70510 | Zot:5    | Got the Orb of Zot
 71173 | D:13     | Gained mutation: You are frail (-10% HP). [a neqoxec]
 71277 | D:9      | Noticed Negaeca the pandemonium lord
 71451 | D:3      | Noticed Lahe the pandemonium lord
 71530 | D:$      | Escaped with the Orb!

Action                   |  1- 3 |  4- 6 |  7- 9 | 10-12 | 13-15 | 16-18 | 19-21 | 22-24 | 25-27 || total
-------------------------+-------+-------+-------+-------+-------+-------+-------+-------+-------++-------
Melee: Dagger            |    28 |       |       |       |       |       |       |       |       ||    28
       Flail             |    71 |    59 |       |       |       |       |       |       |       ||   130
       Whip              |       |    93 |   384 |   883 |       |       |       |       |       ||  1360
       Dire flail        |       |       |       |    36 |  1021 |       |       |       |       ||  1057
       Demon whip        |       |       |       |       |   897 |  2332 |  2108 |  2919 |  1743 ||  9999
Invok: Heroism           |       |       |       |    11 |    12 |    15 |    16 |    13 |    15 ||    82
       Finesse           |       |       |       |     2 |     3 |     3 |     5 |     2 |     7 ||    22
 Abil: Stop Flying       |       |       |       |       |       |     2 |       |     3 |       ||     5
       Evoke Flight      |       |       |       |       |       |     1 |       |     3 |       ||     4
       Evoke Invisibilit |       |       |       |       |       |       |       |     1 |       ||     1
Evoke: Wand              |       |       |       |       |    10 |       |     1 |     4 |     5 ||    20
  Use: Scroll            |     4 |     6 |    10 |    10 |    17 |     4 |    11 |    39 |     9 ||   110
       Potion            |       |       |       |     6 |     2 |     8 |     6 |     3 |     6 ||    31
 Stab: Confused          |       |       |       |     2 |       |     7 |    12 |    10 |       ||    31
       Sleeping          |       |       |       |       |     1 |       |       |       |       ||     1
       Petrified         |       |       |       |       |     3 |       |       |       |       ||     3
       Paralysed         |       |       |       |       |     1 |     2 |    20 |     9 |       ||    32
       Invisible         |       |       |       |       |       |    23 |     1 |     3 |       ||    27
       Distracted        |       |       |       |       |       |     2 |       |     3 |       ||     5
       Petrifying        |       |       |       |       |       |       |     1 |       |       ||     1
  Eat: Chunk             |     2 |     2 |    10 |     8 |    26 |     1 |    10 |     5 |     3 ||    67
       Bread ration      |       |     1 |     2 |       |     1 |       |     2 |     7 |     6 ||    19
       Pizza             |       |       |     2 |       |     1 |     4 |     4 |     1 |       ||    12
       Meat ration       |       |       |       |     3 |     3 |     6 |     1 |     3 |     5 ||    21
       Beef jerky        |       |       |       |     2 |     6 |     1 |     1 |       |       ||    10
       Royal jelly       |       |       |       |       |     1 |       |     1 |       |       ||     2
